 Dungeon Crawl Stone Soup version 0.29.1-1-gd02db6906a (webtiles) character file.

Game seed: 14862180222724792127

933 Icepheonix32 the Trooper (level 7, -8/64 HPs)
             Began as a Minotaur Fighter on Sept 20, 2022.
             Mangled by a gnoll
             ... wielding a +0 halberd
             ... led by a gnoll bouda
              (11 damage)
             ... on level 5 of the Dungeon.
             The game lasted 00:07:21 (3964 turns).

Icepheonix32 the Trooper (Minotaur Fighter)         Turns: 3964, Time: 00:07:21

Health: -8/64      AC: 12    Str: 23    XL:     7   Next: 86%
Magic:  6/6        EV: 10    Int:  5    God:
Gold:   49         SH:  4    Dex:  9    Spells: 6/6 levels left

rFire   . . .      SeeInvis .   y - +0 hand axe (vamp)
rCold   + . .      Faith    .   c - +0 buckler
rNeg    . . .      Spirit   .   b - +0 scale mail
rPois   .          Reflect  .   (helmet restricted)
rElec   .          Harm     .   (no cloak)
rCorr   .          Rampage  .   (no gloves)
Will    .....                   m - +0 pair of boots
Stlth   ..........              (no amulet)
HPRegen 0.20/turn               l - ring of protection from cold
MPRegen 0.10/turn               g - +4 ring of protection

@: mighty
A: horns 2, retaliatory headbutt, talons 1
a: no special abilities


You were on level 5 of the Dungeon.
You visited 1 branch of the dungeon, and saw 5 of its levels.
You also visited: Sewer.

You collected 203 gold pieces.
You spent 154 gold pieces at shops.

Inventory:

Hand Weapons
 a - a +0 war axe
 e - a +0 short sword of draining
 x - a +1 short sword of speed
 y - a +0 vampiric hand axe (weapon)
Missiles
 f - 3 curare-tipped darts (quivered)
 k - 4 boomerangs
 F - 5 javelins
Armour
 b - a +0 scale mail (worn)
 c - a +0 buckler (worn)
 m - a +0 pair of boots (worn)
Jewellery
 g - a +4 ring of protection (right hand)
 l - a ring of protection from cold (left hand)
 p - a ring of protection from cold
Wands
 n - a wand of roots (7)
 q - a wand of flame (24)
Scrolls
 i - a scroll of silence
 w - a scroll of amnesia
 A - a scroll of teleportation
 E - a scroll of fog
Potions
 d - a potion of might
 h - 3 potions of brilliance {unknown}
 j - a potion of curing
 o - a potion of degeneration {unknown}
 r - a potion of haste {unknown}
 s - 2 potions of attraction {unknown}
 u - 3 potions of heal wounds
 v - a potion of experience {unknown}
 C - 3 potions of lignification
 D - a potion of flight


   Skills:
 * Level 6.9 Fighting
 + Level 0.8 Short Blades
 - Level 5.7 Axes
 + Level 1.6 Throwing
 + Level 6.3 Armour
 + Level 2.6 Dodging
 + Level 0.4 Stealth
 + Level 4.5 Shields


You had 6 spell levels left.
You didn't know any spells.
Your spell library contained the following spells:

 Spells                   Type           Power      Damage    Failure   Level
 Apportation              Tloc           0%         N/A       85%         1
 Necrotise                Necr           0%         1d4       85%         1
 Summon Small Mammal      Summ           0%         N/A       85%         1
 Dazzling Flash           Conj/Hex       0%         N/A       99%         3
 Anguish                  Hex/Necr       0%         N/A       100%        4
 Iskenderun's Mystic Bla  Conj/Tloc      0%         2d3       100%        4
 Starburst                Conj/Fire      0%         6d3       100%        6
 Enfeeble                 Hex            0%         N/A       100%        7


Dungeon Overview and Level Annotations

Branches:
Dungeon (5/15)             Temple (0/1) D:5           Sewer (visited)

Altars:

Shops:
D:2 !   D:4 *


Innate Abilities, Weirdness & Mutations

You have a pair of horns on your head.
You reflexively headbutt those who attack you in melee.
You have sharp toenails.


Message History

The gnoll hits you but does no damage.
Unknown command.
You hit the gnoll. Your headbutt misses the gnoll.
The gnoll is almost dead.
The gnoll hits you but does no damage. You block the gnoll's attack.
The gnoll hits you with a +0 whip.
Unknown command.
You hit the gnoll. You headbutt the gnoll.
You kill the gnoll!
The gnoll misses you. The gnoll closely misses you.
Unknown command.
You barely miss the hound.
The hound is moderately wounded.
The gnoll is no longer moving quickly.
The hound bites you.
* * * LOW HITPOINT WARNING * * *
The gnoll hits you but does no damage. x2; The hound bites you.
* * * LOW HITPOINT WARNING * * *
You hit the hound.
You feel better.
The hound is severely wounded.
The hound barely misses you.
The gnoll hits you from afar with a +0 spear.
* * * LOW HITPOINT WARNING * * *
The gnoll hits you but does no damage.
The gnoll hits you from afar with a +0 spear.
* * * LOW HITPOINT WARNING * * *
The hound closely misses you.
You slash the hound!
You feel better.
You kill the hound!
You hear the slow hiss of a distant avalanche of sand.
The gnoll is no longer moving quickly.
The gnoll barely misses you. The gnoll hits you but does no damage.
The gnoll hits you from afar with a +0 spear!
* * * LOW HITPOINT WARNING * * *
You slash the gnoll!
The gnoll is heavily wounded.
The gnoll hits you from afar with a +0 halberd.
* * * LOW HITPOINT WARNING * * *
The gnoll barely misses you. x2
The gnoll hits you from afar with a +0 halberd!
You die...

#....##.# . #)....... #..
#.......# # #.. #.......P
...##.# #......P.
...h#..##########.....#..
>..##........g##.....(.♣
......#......gg@.#
###.........####
###...........#
#.............#
....###.....(..#


#gg #........# .. ########## You could see 3 gnolls.

Vanquished Creatures
  An ogre (D:5)
  3 necrophages (D:4)
  A hound (D:5)
  A gnoll bouda (D:5)
  2 orc priests (D:3)
  5 jellies
  Ijyb (D:4)
  Natasha (thrice) (D:2)
  An orc wizard (D:3)
  6 gnolls
  4 river rats (Sewer)
  7 adders
  A worm (D:4)
  8 orcs
  12 endoplasms
  10 giant cockroaches
  4 goblins
  11 hobgoblins
  4 jackals (D:3)
  7 kobolds
  5 quokkas
  7 ball pythons
  11 bats
  10 frilled lizards
  8 rats
133 creatures vanquished.

Notes
Turn   | Place    | Note
-------+----------+-------------------------------------------
     0 | D:1      | Icepheonix32 the Minotaur Fighter began the quest for the
                  | Orb.
     0 | D:1      | Reached XP level 1. HP: 19/19 MP: 0/0
   167 | D:1      | Reached XP level 2. HP: 27/27 MP: 1/1
   517 | D:1      | Reached XP level 3. HP: 33/33 MP: 2/2
   836 | D:2      | Found a faded altar of an unknown god.
   868 | D:2      | You fall into a shaft and drop 2 floors!
   926 | D:4      | Noticed Ijyb
   935 | D:4      | Killed Ijyb
   996 | D:4      | Found Cyfy's Fire Supplies.
  1107 | D:4      | Reached XP level 4. HP: 38/41 MP: 3/3
  1115 | D:4      | Noticed a necrophage
  1126 | D:4      | Killed a necrophage
  1127 | D:4      | Reached skill level 5 in Fighting
  1127 | D:4      | Reached XP level 5. HP: 41/48 MP: 4/4
  1163 | D:4      | Reached skill level 1 in Dodging
  1291 | D:4      | Found a glowing drain.
  1296 | Sewer    | Entered a sewer
  1306 | Sewer    | Reached XP level 6. HP: 56/56 MP: 5/5
  1335 | Sewer    | Reached skill level 5 in Axes
  1364 | Sewer    | Reached skill level 5 in Armour
  1483 | Sewer    | Found a viscous altar of Jiyva.
  1764 | D:4      | Gained mutation: You are clumsy. (Dex -2) [potion of
                  | mutation]
  1764 | D:4      | Gained mutation: You are covered in fur. (AC +1) [potion of
                  | mutation]
  2153 | D:2      | Found Les Zaak's Distillery.
  2514 | D:2      | Reached XP level 7. HP: 62/62 MP: 6/6
  2545 | D:2      | Noticed Natasha
  2549 | D:2      | Killed Natasha
  2892 | D:2      | Bought a potion of lignification for 42 gold pieces
  2892 | D:2      | Bought a potion of heal wounds for 70 gold pieces
  2892 | D:2      | Bought a potion of flight for 42 gold pieces
  2997 | D:3      | Lost mutation: You are covered in fur. (AC +1) [potion of
                  | mutation]
  2997 | D:3      | Lost mutation: You are clumsy. (Dex -2) [potion of
                  | mutation]
  2997 | D:3      | Gained mutation: You have sharp toenails. [potion of
                  | mutation]
  3665 | D:2      | Noticed Natasha
  3669 | D:2      | Killed Natasha
  3816 | D:2      | Noticed Natasha
  3825 | D:2      | Killed Natasha
  3914 | D:5      | Entered Level 5 of the Dungeon
  3931 | D:5      | Found a staircase to the Ecumenical Temple.
  3948 | D:5      | Reached skill level 1 in Throwing
  3964 | D:5      | HP: 3/64 [gnoll/+0 halberd[a gnoll bouda] (4)]
  3964 | D:5      | Mangled by a gnoll

Illustrated notes

Levels and vault maps discovered:
D:1:      ncdulo_halloftheorcs, layout_loops_ring, st_stairs_8
D:2:      layout_basic, basic_ecumenical_altar, serial_shops,
          nicolae_shop_waterfront, uniq_natasha
D:3:      layout_loops_ring, minmay_unequal
D:4:      layout_cave_pools, gup_sewer_entry_bowl, grunt_ministairs_10,
          nicolae_shop_fire_sale [nicolae_sub_dead_trees],
          minmay_close_crescents, uniq_ijyb
D:5:      layout_rooms, tgw_fedhas, zin_statuary, minmay_temple_entry_slanted,
          enter_ossuary_1, serial_demonic, serial_demonic_c, serial_demonic_a,
          serial_demonic_f, serial_demonic_f, serial_demonic_e,
          serial_park_tiny_pond, kennysheep_minor_cross

Skill      XL: |  1  2  3  4  5  6  7 |
---------------+----------------------+-----
Armour         | 4 5 6 |  6.3
Fighting       | 4 5 6 |  6.9
Shields        | 4 |  4.5
Axes           | 3 4 5 |  5.7
Dodging        | 1 2 |  2.6
Throwing       | 1 |  1.6
Short Blades   | |  0.8
Stealth        | |  0.4

Action                   |  1- 3 |  4- 6 |  7- 9 || total
-------------------------+-------+-------+-------++-------
Melee: War axe           |    57 |    92 |       ||   149
       Headbutt          |     8 |    23 |    10 ||    41
       Hand axe          |       |    35 |    80 ||   115
       Short sword       |       |    10 |       ||    10
Throw: Javelin           |       |       |     9 ||     9
       Dart              |       |       |     3 ||     3
  Use: Scroll            |     3 |     1 |     6 ||    10
       Potion            |     1 |     1 |     3 ||     5
Armor: Scale mail        |    29 |    70 |    45 ||   144
Dodge: Dodged            |    34 |    54 |    47 ||   135
Block: Buckler           |    14 |    27 |    23 ||    64
